 Dungeon Crawl Stone Soup version 0.26-a0-639-g72c4674329 (webtiles) character file.

Game seed: 8025765351021311035

3724 Gargoyl the Fighter (level 10, -2/81 HPs)
             Began as a Gnoll Abyssal Knight on Sept 19, 2020.
             Was an Elder of Lugonu.
             Slain by an orc warrior
             ... wielding a +0 halberd of freezing
              (3 damage)
             ... on level 9 of the Dungeon.
             The game lasted 00:11:43 (7936 turns).

Gargoyl the Fighter (Gnoll Abyssal Knight)          Turns: 7936, Time: 00:11:43

Health: -2/81      AC: 17    Str: 23    XL:     10   Next: 14%
Magic:  16/17      EV:  9    Int: 16    God:    Lugonu [****..]
Gold:   173        SH:  0    Dex: 14    Spells: 19/19 levels left

rFire    . . .     SeeInvis .   a - +9 hand axe
rCold    . . .     Faith    .   (no shield)
rNeg     + . .     Spirit   .   e - +0 plate armour
rPois    .         Reflect  .   (no helmet)
rElec    .         Harm     .   (no cloak)
rCorr    .         Rampage  .   A - +1 pair of gloves
MR       .....                  D - +1 pair of boots {run}
Stlth    ..........             B - amulet of regeneration
HPRegen  0.63/turn              u - +6 ring of strength
MPRegen  0.15/turn              s - ring of positive energy

@: lethally poisoned (-2 -> -2), quick
A: distributed training, fangs 1, strong nose
a: Depart the Abyss, Bend Space, Banish, Corrupt, Renounce Religion


You were on level 9 of the Dungeon.
You worshipped Lugonu.
Lugonu was greatly pleased with you.
You visited 1 branch of the dungeon, and saw 9 of its levels.
You visited the Abyss 1 time.

You collected 593 gold pieces.
You spent 420 gold pieces at shops.

Inventory:

Hand Weapons
 a - a +9 hand axe (weapon)
 t - a +3 war axe
Missiles
 z - a boomerang (quivered)
Armour
 e - a +0 plate armour (worn)
 A - a +1 pair of gloves (worn)
 D - a +1 pair of boots of running (worn)
Jewellery
 h - an uncursed ring of protection from cold
 q - an uncursed ring of resist corrosion
 s - a ring of positive energy (right hand)
 u - a +6 ring of strength (left hand)
 B - an amulet of regeneration (around neck)
Wands
 l - a wand of polymorph (6)
 w - a wand of random effects (28)
 C - a wand of enslavement (15)
 E - a wand of flame (3)
Scrolls
 d - 2 scrolls of remove curse
 j - 3 scrolls of identify
 r - a scroll of fear
 x - a scroll of teleportation
 y - a scroll of blinking
Potions
 b - 3 potions of stabbing
 c - 4 potions of curing
 f - 2 potions of berserk rage
 g - a potion of resistance {unknown}
 k - a potion of magic
 m - 2 potions of mutation {unknown}
 n - 2 potions of haste
 o - 3 potions of brilliance
 p - 2 potions of flight {unknown}
 v - 4 potions of heal wounds {unknown}
 F - a potion of lignification {unknown}


   Skills:
 + Level 8.3 Fighting
 + Level 5.0 Short Blades
 + Level 5.0 Long Blades
 + Level 6.8 Axes
 + Level 5.0 Maces & Flails
 + Level 5.0 Polearms
 + Level 5.0 Staves
 + Level 5.0 Slings
 + Level 5.0 Bows
 + Level 5.0 Crossbows
 + Level 5.0 Throwing
 + Level 6.8 Armour
 + Level 5.7 Dodging
 + Level 5.0 Stealth
 + Level 5.0 Shields
 + Level 5.0 Unarmed Combat
 + Level 5.0 Spellcasting
 + Level 4.1 Conjurations
 + Level 4.1 Hexes
 + Level 4.1 Summonings
 + Level 4.1 Necromancy
 + Level 4.1 Translocations
 + Level 4.1 Transmutations
 + Level 4.1 Fire Magic
 + Level 4.1 Ice Magic
 + Level 4.1 Air Magic
 + Level 4.1 Earth Magic
 + Level 4.1 Poison Magic
 + Level 7.2 Invocations
 + Level 5.0 Evocations


You had 19 spell levels left.
You didn't know any spells.
Your spell library contained the following spells:

 Spells                   Type           Power        Failure   Level
 Magic Dart               Conj           ###.         41%         1
 Blink                    Tloc           N/A          54%         2
 Call Imp                 Summ           ###.....     54%         2
 Slow                     Hex            ###.....     54%         2
 Conjure Flame            Conj/Fire      ###.....     78%         3
 Mephitic Cloud           Conj/Pois/Air  ###.....     78%         3


Dungeon Overview and Level Annotations

Branches:
Dungeon (9/15)             Temple (0/1) D:5
   Lair: D:8-11         Orc: D:9-12

Altars:
Dithmenos
Kikubaaqudgha
The Shining One

Shops:
D:8 (=


Innate Abilities, Weirdness & Mutations

Your experience applies equally to all skills.
You have very sharp teeth.
Your uncanny sense of smell can sniff out nearby items.


Message History

The orc warrior hits you from afar with a +0 halberd of freezing!
The orc warrior freezes you!
An orc wizard comes into view. It is wielding a +0 dagger.
Found 9 gold pieces.
An orc wizard, a white imp and a howler monkey come into view.
You feel sick.
The orc wizard shouts!
The howler monkey howls!
The white imp shouts!
You hear a shout!
The orc wizard gestures at you while chanting.
The puff of flame hits something!
The orc warrior hits you with a +0 halberd of freezing!
The orc warrior freezes you.
* * * LOW HITPOINT WARNING * * *
Something hits you but does no damage.
The orc warrior hits you with a +0 morningstar!
* * * LOW HITPOINT WARNING * * *
The orc warrior hits you with a +0 halberd of freezing!
* * * LOW HITPOINT WARNING * * *
The orc warrior freezes you.
You die...

#.#[.....#
#####.....#..## ..
#....><.......{
.5...###...o.##...
$.# #.#.#.# ## ...
#.#{#.# ##.#
#.#)#.#
.##...##.#.#.#
..h....@o..#.#
###....uo....##.
##.o..........
#.....o........
#.o.o....#####.
..oo..o....
..o...o..###
..........
.#......#.


You could see a brown ugly thing, 3 orc warriors, a howler monkey, 3 orc
wizards, a white imp and 5 orcs.

Vanquished Creatures
  Grinder (D:6)
  Eustachio (D:5)
  A fire bat (D:6)
  A water moccasin (D:8)
  An orc warrior (D:6)
  An ice beast (D:6)
  Duvessa (D:5)
  2 phantoms
  4 centaurs
  2 ogres
  Blork the orc (D:6)
  2 big kobolds
  2 bullfrogs
  Dowan (D:5)
  4 scorpions
  10 wights
  4 killer bees (D:8)
  2 centaur zombies (D:8)
  2 howler monkeys (D:7)
  A jelly (D:8)
  2 centaur skeletons
  3 hounds
  4 orc priests
  2 orc wizards
  A gnoll shaman (D:6)
  2 iguanas (D:7)
  Natasha (twice) (D:4)
  6 worker ants
  A hound zombie (D:5)
  A hound skeleton (D:8)
  A worker ant zombie (D:6)
  4 gnolls (D:6)
  A howler monkey skeleton (D:5)
  3 adders (D:2)
  2 ufetubi
  3 oozes
  3 worms
  3 dart slugs
  4 leopard geckos
  10 orcs
  2 ball pythons (D:1)
  8 giant cockroaches
  8 goblins
  4 hobgoblins
  5 jackals (D:3)
  23 kobolds
  5 quokkas
  15 bats
  7 frilled lizards
  A quokka zombie (D:5)
  7 rats
187 creatures vanquished.

Notes
Turn   | Place    | Note
-------+----------+-------------------------------------------
     0 | Abyss:1  | Gargoyl the Gnoll Abyssal Knight began the quest for the
                  | Orb.
     0 | Abyss:1  | Reached XP level 1. HP: 23/23 MP: 3/3
     0 | Abyss:1  | Found a corrupted altar of Lugonu.
    11 | Abyss:1  | Found a corrupted altar of Lugonu.
    69 | Abyss:2  | Noticed a starcursed mass
    76 | Abyss:2  | Noticed a sky beast
    76 | Abyss:2  | Noticed a large abomination
    84 | Abyss:2  | Noticed a sixfirhy
   112 | D:1      | Escaped the Abyss
   541 | D:1      | Reached XP level 2. HP: 28/29 MP: 5/5
   593 | D:1      | Reached * piety under Lugonu
   624 | D:1      | Reached XP level 3. HP: 33/35 MP: 6/6
  1088 | D:2      | Reached skill level 1 in Short Blades
  1088 | D:2      | Reached skill level 1 in Long Blades
  1088 | D:2      | Reached skill level 1 in Maces & Flails
  1088 | D:2      | Reached skill level 1 in Polearms
  1088 | D:2      | Reached skill level 1 in Staves
  1088 | D:2      | Reached skill level 1 in Slings
  1088 | D:2      | Reached skill level 1 in Bows
  1088 | D:2      | Reached skill level 1 in Crossbows
  1088 | D:2      | Reached skill level 1 in Throwing
  1088 | D:2      | Reached skill level 1 in Stealth
  1088 | D:2      | Reached skill level 1 in Shields
  1088 | D:2      | Reached skill level 1 in Unarmed Combat
  1088 | D:2      | Reached skill level 1 in Spellcasting
  1088 | D:2      | Reached skill level 1 in Evocations
  1145 | D:2      | Reached XP level 4. HP: 41/41 MP: 7/7
  1160 | D:2      | Reached ** piety under Lugonu
  1372 | D:2      | Reached skill level 1 in Conjurations
  1372 | D:2      | Reached skill level 1 in Hexes
  1372 | D:2      | Reached skill level 1 in Summonings
  1372 | D:2      | Reached skill level 1 in Necromancy
  1372 | D:2      | Reached skill level 1 in Translocations
  1372 | D:2      | Reached skill level 1 in Transmutations
  1372 | D:2      | Reached skill level 1 in Fire Magic
  1372 | D:2      | Reached skill level 1 in Ice Magic
  1372 | D:2      | Reached skill level 1 in Air Magic
  1372 | D:2      | Reached skill level 1 in Earth Magic
  1372 | D:2      | Reached skill level 1 in Poison Magic
  1861 | D:3      | Reached XP level 5. HP: 47/47 MP: 8/8
  2122 | D:3      | Reached *** piety under Lugonu
  2900 | D:4      | Noticed Natasha
  2904 | D:4      | Killed Natasha
  2904 | D:4      | Reached skill level 5 in Invocations
  2904 | D:4      | Reached XP level 6. HP: 53/53 MP: 9/9
  3045 | D:4      | Noticed Natasha
  3053 | D:4      | Killed Natasha
  3250 | D:5      | Entered Level 5 of the Dungeon
  3306 | D:5      | Found a staircase to the Ecumenical Temple.
  3320 | D:5      | Reached skill level 5 in Axes
  3320 | D:5      | Reached skill level 5 in Armour
  3522 | D:5      | You fall into a shaft and drop 3 floors!
  3522 | D:8      | Found an ancient bone altar of Kikubaaqudgha.
  3554 | D:6      | Reached XP level 7. HP: 57/59 MP: 10/10
  3560 | D:6      | Reached skill level 7 in Fighting
  4138 | D:5      | Reached XP level 8. HP: 67/67 MP: 12/12
  4146 | D:5      | Noticed Duvessa
  4146 | D:5      | Noticed Dowan
  4155 | D:5      | Killed Duvessa
  4161 | D:5      | Killed Dowan
  4204 | D:5      | Found a glowing golden altar of the Shining One.
  4229 | D:5      | Noticed Eustachio
  4252 | D:5      | Killed Eustachio
  4851 | D:6      | Got a fine leather armour
  4852 | D:6      | Identified the cursed +1 leather armour of the Untouchables
                  | {rElec rPois rN+++ Str-2} (You found it on level 6 of the
                  | Dungeon)
  5028 | D:6      | Noticed Prince Ribbit
  5084 | D:6      | Noticed Blork the orc
  5088 | D:6      | Killed Blork the orc
  5251 | D:6      | Noticed Prince Ribbit
  5251 | D:6      | Prince Ribbit changed into Prince Ribbit the fire bat
  5261 | D:6      | Killed Prince Ribbit the fire bat
  5503 | D:6      | Reached XP level 9. HP: 63/73 MP: 14/14
  5860 | D:6      | Noticed Grinder
  5870 | D:6      | Got a crude dagger
  5870 | D:6      | Paralysed by Grinder for 2 turns
  5872 | D:6      | Identified the +6 dagger of the Dwarven Hall {freeze, rF-
                  | Str+2 Int+5} (You found it on level 6 of the Dungeon)
  5884 | D:6      | Paralysed by Grinder for 3 turns
  5894 | D:6      | Killed Grinder
  6281 | D:7      | Reached skill level 5 in Dodging
  6309 | D:7      | Reached **** piety under Lugonu
  6340 | D:7      | Reached skill level 8 in Fighting
  6866 | D:8      | Found Gaeskio's Weapon Shoppe.
  6896 | D:8      | Found a shadowy altar of Dithmenos.
  7335 | D:8      | Reached XP level 10. HP: 71/80 MP: 17/17
  7543 | D:8      | Reached skill level 5 in Short Blades
  7543 | D:8      | Reached skill level 5 in Long Blades
  7543 | D:8      | Reached skill level 5 in Maces & Flails
  7543 | D:8      | Reached skill level 5 in Polearms
  7543 | D:8      | Reached skill level 5 in Staves
  7543 | D:8      | Reached skill level 5 in Slings
  7543 | D:8      | Reached skill level 5 in Bows
  7543 | D:8      | Reached skill level 5 in Crossbows
  7543 | D:8      | Reached skill level 5 in Throwing
  7543 | D:8      | Reached skill level 5 in Stealth
  7543 | D:8      | Reached skill level 5 in Shields
  7543 | D:8      | Reached skill level 5 in Unarmed Combat
  7543 | D:8      | Reached skill level 5 in Spellcasting
  7543 | D:8      | Reached skill level 5 in Evocations
  7702 | D:8      | Found Onuo's Jewellery Shop.
  7718 | D:8      | Bought an uncursed amulet of regeneration for 420 gold
                  | pieces
  7796 | D:8      | Identified a +1 pair of boots of running (You found it on
                  | level 8 of the Dungeon)
  7919 | D:9      | Noticed a brown ugly thing
  7936 | D:9      | HP: 1/81 [orc warrior/+0 halberd of freezing (10)]
  7936 | D:9      | Slain by an orc warrior

Illustrated notes

Levels and vault maps discovered:
D:1:      roderic_dead_forest, layout_basic, minmay_tetromino_o2
D:2:      layout_basic
D:3:      layout_basic
D:4:      layout_gridville, uniq_natasha
D:5:      layout_basic, temple_doors_e, basic_altar, uniq_eustachio,
          uniq_duvessa
D:6:      layout_basic, uniq_blork_the_orc, uniq_grinder, uniq_prince_ribbit1
D:7:      layout_rooms
D:8:      layout_rooms, kennysheep_little_box, serial_shops, shop,
          nicolae_shop_trees, nicolae_dithmenos_shadow_blocks
D:9:      layout_loops_ring, david_orc_4, serial_shops,
          nicolae_shop_statue_plus, shop

Skill      XL: |  1  2  3  4  5  6  7  8  9 10 |
---------------+-------------------------------+-----
Short Blades   | 1 2 3 4 5 |  5.0
Long Blades    | 1 2 3 4 5 |  5.0
Maces & Flails | 1 2 3 4 5 |  5.0
Polearms       | 1 2 3 4 5 |  5.0
Staves         | 1 2 3 4 5 |  5.0
Slings         | 1 2 3 4 5 |  5.0
Bows           | 1 2 3 4 5 |  5.0
Crossbows      | 1 2 3 4 5 |  5.0
Throwing       | 1 2 3 4 5 |  5.0
Stealth        | 1 2 3 4 5 |  5.0
Shields        | 1 2 3 4 5 |  5.0
Unarmed Combat | 1 2 3 4 5 |  5.0
Spellcasting   | 1 2 3 4 5 |  5.0
Evocations     | 1 2 3 4 5 |  5.0
Conjurations   | 1 2 3 4 |  4.1
Hexes          | 1 2 3 4 |  4.1
Summonings     | 1 2 3 4 |  4.1
Necromancy     | 1 2 3 4 |  4.1
Translocations | 1 2 3 4 |  4.1
Transmutations | 1 2 3 4 |  4.1
Fire Magic     | 1 2 3 4 |  4.1
Ice Magic      | 1 2 3 4 |  4.1
Air Magic      | 1 2 3 4 |  4.1
Earth Magic    | 1 2 3 4 |  4.1
Poison Magic   | 1 2 3 4 |  4.1
Dodging        | 3 4 5 |  5.7
Invocations    | 5 6 7 |  7.2
Axes           | 5 6 |  6.8
Armour         | 5 6 |  6.8
Fighting       | 7 8 |  8.3

Action                   |  1- 3 |  4- 6 |  7- 9 | 10-12 || total
-------------------------+-------+-------+-------+-------++-------
Melee: Hand axe          |    72 |   136 |   230 |    42 ||   480
       Bite              |     8 |     6 |    41 |     7 ||    62
       Punch             |       |     1 |     7 |     1 ||     9
       Dagger            |       |       |    18 |       ||    18
Throw: Boomerang         |       |       |       |     2 ||     2
Invok: Depart the Abyss  |     1 |       |       |       ||     1
       Bend Space        |       |       |       |     1 ||     1
Evoke: Wand              |       |       |     2 |       ||     2
  Use: Scroll            |     9 |    14 |     3 |     3 ||    29
       Potion            |     1 |       |       |       ||     1
 Stab: Distracted        |       |       |     1 |       ||     1
Armor: Plate armour      |   106 |   104 |   160 |    40 ||   410
Dodge: Dodged            |    34 |    40 |   119 |    28 ||   221

Table legend: (Time is in decaauts)
 A = Elapsed time spent in this place.
 B = Non-inter-level travel time spent in this place.
 C = Inter-level travel time spent in this place.
 D = Time resting spent in this place.
 E = Time spent auto-exploring this place.
 F = Levels seen in this place.
 G = Mean time per level.
                   A        B        C        D        E       F      G
               +--------+--------+--------+--------+--------+-----+--------+
         Total |   7954 |   7801 |    153 |   2254 |   3992 |  11 |  723.1 |
       Dungeon |   7843 |   7690 |    153 |   2254 |   3946 |   9 |  871.4 |
         Abyss |    110 |    110 |      0 |      0 |     46 |   2 |   55.0 |
               +--------+--------+--------+--------+--------+-----+--------+

Top non-repeatable levels by time:
     D:6: 1874 daAuts
     D:8: 1043 daAuts
     D:5: 994 daAuts
     D:3: 877 daAuts
     D:2: 800 daAuts
     D:1: 761 daAuts
     D:4: 735 daAuts
     D:7: 732 daAuts
 Abyss:2: 70 daAuts
 Abyss:1: 40 daAuts
     D:9: 24 daAuts
